 Dungeon Crawl Stone Soup version 0.28.0-53-g5a82cb258f (webtiles) character file.

Game seed: 3988449428705618524

36 leafyfresh the Magician (level 3, -5/25 HPs)
             Began as a Gnoll Hedge Wizard on July 14, 2022.
             Slain by Crazy Yiuf
             ... wielding a +4 quarterstaff of chaos
              (20 damage)
             ... on level 2 of the Dungeon.
             The game lasted 00:02:28 (2209 turns).

leafyfresh the Magician (Gnoll Hedge Wizard)        Turns: 2209, Time: 00:02:29

Health: -5/25      AC:  2    Str:  9    XL:     3   Next: 37%
Magic:  6/11       EV: 14    Int: 19    God:
Gold:   46         SH:  0    Dex: 19    Spells: 10/16 levels left

rFire   . . .      SeeInvis .   e - +1 dagger (venom)
rCold   . . .      Faith    .   (no shield)
rNeg    . . .      Spirit   .   b - +0 robe
rPois   .          Reflect  .   c - +0 hat
rElec   .          Harm     .   (no cloak)
rCorr   .          Rampage  .   (no gloves)
Will    .....                   (no boots)
Stlth   +++.......              (no amulet)
HPRegen 0.08/turn               d - +6 ring of intelligence
MPRegen 0.12/turn               k - +6 ring of dexterity

@: hasted, very quick
A: fangs 1, strong nose, distributed training
a: no special abilities


You were on level 2 of the Dungeon.
You visited 1 branch of the dungeon, and saw 2 of its levels.

You collected 46 gold pieces.

Inventory:

Hand Weapons
 e - a +1 dagger of venom (weapon)
Armour
 b - a +0 robe (worn)
 c - a +0 hat (worn)
Jewellery
 d - a +6 ring of intelligence (left hand)
 i - a ring of protection from cold
 k - a +6 ring of dexterity (right hand)
Wands
 m - a wand of flame (17)
Scrolls
 h - a scroll of vulnerability {unknown}
 j - a scroll of teleportation {unknown}
 l - 2 scrolls of identify {unknown}
Potions
 a - a potion of mutation {unknown}
 f - 3 potions of heal wounds {unknown}
 g - a potion of flight {unknown}
 n - a potion of resistance {unknown}


   Skills:
 + Level 0.7 Fighting
 + Level 0.7 Short Blades
 + Level 0.7 Long Blades
 + Level 0.7 Axes
 + Level 0.7 Maces & Flails
 + Level 0.7 Polearms
 + Level 0.7 Staves
 + Level 0.7 Slings
 + Level 0.7 Bows
 + Level 0.7 Crossbows
 + Level 0.7 Throwing
 + Level 0.7 Armour
 + Level 4.5 Dodging
 + Level 4.1 Stealth
 + Level 0.7 Shields
 + Level 0.7 Unarmed Combat
 + Level 7.1 Spellcasting
 + Level 2.1 Conjurations
 + Level 0.5 Hexes
 + Level 2.1 Summonings
 + Level 0.5 Necromancy
 + Level 2.1 Translocations
 + Level 0.5 Transmutations
 + Level 0.5 Fire Magic
 + Level 0.5 Ice Magic
 + Level 0.5 Air Magic
 + Level 0.5 Earth Magic
 + Level 0.5 Poison Magic
 + Level 0.9 Invocations
 + Level 0.7 Evocations


You had 10 spell levels left.
You knew the following spells:

 Your Spells              Type           Power      Damage    Failure   Level
a - Magic Dart            Conj           56%        1d5       4%          1
b - Mephitic Cloud        Conj/Pois/Air  10%        N/A       19%         3
c - Blink                 Tloc           28%        N/A       6%          2

Your spell library contained the following spells:

 Spells                   Type           Power      Damage    Failure   Level
 Call Imp                 Summ           14%        N/A       6%          2
 Slow                     Hex            32%        N/A       9%          1
 Conjure Flame            Conj/Fire      11%        6-21      17%         3


Dungeon Overview and Level Annotations

Branches:
Dungeon (2/15)

Altars:

Annotations:
D:2 Crazy Yiuf


Innate Abilities, Weirdness & Mutations

You have very sharp teeth.
Your uncanny sense of smell can sniff out nearby items.
Your experience applies equally to all skills.


Message History

Memorise Mephitic Cloud, consuming 3 spell levels and leaving 12?
You start memorising the spell.
You continue memorising.
Crazy Yiuf says, "Crazy?
Crazy!?
PORCUPINE!"
You continue memorising. x2
You finish memorising.
Spell assigned to 'b'.
Memorise Blink, consuming 2 spell levels and leaving 10?
You start memorising the spell.
You continue memorising. x2
Crazy Yiuf screams, "Action!
Shower light horse."
You finish memorising.
Spell assigned to 'c'.
You open the door. You barely miss Crazy Yiuf.
Crazy Yiuf flaps his cloak.
Crazy Yiuf closely misses you.
You closely miss Crazy Yiuf.
Crazy Yiuf hits you with a +4 quarterstaff of chaos.
You feel yourself speed up.
You hit Crazy Yiuf.
Crazy Yiuf is poisoned.
You bite Crazy Yiuf, but do no damage.
Crazy Yiuf is lightly wounded.
Crazy Yiuf closely misses you.
You hit Crazy Yiuf but do no damage.
Crazy Yiuf is lightly wounded.
You hit Crazy Yiuf but do no damage.
Crazy Yiuf is moderately wounded.
Crazy Yiuf hits you with a +4 quarterstaff of chaos!
You feel your power leaking away.
You hit Crazy Yiuf.
Crazy Yiuf looks as sick as possible!
Crazy Yiuf is heavily wounded.
Crazy Yiuf yells, "Citrus!"
Crazy Yiuf barely misses you.
You hit Crazy Yiuf but do no damage.
Crazy Yiuf looks as sick as possible!
Crazy Yiuf is heavily wounded.
You hit Crazy Yiuf but do no damage.
Crazy Yiuf looks as sick as possible!
Crazy Yiuf is severely wounded.
Crazy Yiuf closely misses you.
You hit Crazy Yiuf but do no damage.
Crazy Yiuf looks as sick as possible!
Crazy Yiuf is severely wounded.
Crazy Yiuf hits you with a +4 quarterstaff of chaos!!
Ouch! That really hurt!
You die...

#............#.....####.
######.#######.##### #)
#.# #.# #. ### ### ##
####### #.....# #.#####
### ###### #.# #)..###
##....## #.#
#...g@####......# #.#
#...##..#.......# #.#
### ###.#....#.# #.#
########.###### #.#
##....... #.# ###
####..#.#### #.# #.#
#.###...# #.# #.# #.#
##### #.# #.# #.#


You could see Crazy Yiuf (extremely poisoned).

Vanquished Creatures
  2 dart slugs (D:1)
  6 endoplasms
  A giant cockroach (D:2)
  4 goblins
  A hobgoblin (D:2)
  2 jackals (D:2)
  2 quokkas
  4 ball pythons
  A bat (D:1)
  2 frilled lizards (D:2)
  2 kobolds
  3 rats
30 creatures vanquished.

Vanquished Creatures (others)
  A plant (D:1)
1 creature vanquished.

Grand Total: 31 creatures vanquished

Notes
Turn   | Place    | Note
-------+----------+-------------------------------------------
     0 | D:1      | leafyfresh the Gnoll Hedge Wizard began the quest for the
                  | Orb.
     0 | D:1      | Reached XP level 1. HP: 13/13 MP: 8/8
   266 | D:1      | Reached XP level 2. HP: 18/19 MP: 3/10
  1261 | D:2      | Reached XP level 3. HP: 18/25 MP: 11/11
  1657 | D:2      | Found a runed translucent door.
  1658 | D:2      | Noticed Crazy Yiuf
  1828 | D:2      | Found a faded altar of an unknown god.
  2197 | D:2      | Learned a level 3 spell: Mephitic Cloud
  2200 | D:2      | Learned a level 2 spell: Blink
  2209 | D:2      | Slain by Crazy Yiuf

Illustrated notes

Levels and vault maps discovered:
D:1:      amcnicky_arrival_choice, layout_rooms, serial_forest,
          infiniplex_forest_lined_room_2, infiniplex_forest_lined_ring,
          infiniplex_forest_end_2, infiniplex_forest_straight_3,
          infiniplex_forest_clump_small, infiniplex_forest_pool,
          infiniplex_forest_lined_ring, hangedman_decor_opposing
D:2:      layout_loops_ring, ebering_ecumenical_altar_sacrificial,
          uniq_crazy_yiuf_cottage

Skill      XL: |  1 |
---------------+----+-----
Conjurations   | 2 |  2.1
Summonings     | 2 |  2.1
Translocations | 2 |  2.1
Fighting       | |  0.7
Short Blades   | |  0.7
Long Blades    | |  0.7
Axes           | |  0.7
Maces & Flails | |  0.7
Polearms       | |  0.7
Staves         | |  0.7
Slings         | |  0.7
Bows           | |  0.7
Crossbows      | |  0.7
Throwing       | |  0.7
Armour         | |  0.7
Dodging        | |  4.5
Stealth        | |  4.1
Shields        | |  0.7
Unarmed Combat | |  0.7
Spellcasting   | |  7.1
Hexes          | |  0.5
Necromancy     | |  0.5
Transmutations | |  0.5
Fire Magic     | |  0.5
Ice Magic      | |  0.5
Air Magic      | |  0.5
Earth Magic    | |  0.5
Poison Magic   | |  0.5
Invocations    | |  0.9
Evocations     | |  0.7

Action                   || total
-------------------------++-------
Melee: Dagger            ||    61
       Bite              ||     8
 Cast: Magic Dart        ||    23
 Stab: Sleeping          ||     9
       Distracted        ||     1
Armor: Robe              ||     4
Dodge: Dodged            ||    25
